 Dungeon Crawl Stone Soup version 0.31-a0-175-g9f7f995f2b (webtiles) character file.

Game seed: 14834098321414753080

1742 qw the Skirmisher (level 9, -10/82 HPs)
             Began as a Naga Hunter on June 17, 2023.
             Was an Initiate of Okawaru.
             Shot with a sling bullet by Joseph (14 damage)
             ... on level 7 of the Dungeon.
             The game lasted 00:02:03 (5678 turns).

qw the Skirmisher (Naga Hunter)                     Turns: 5678, Time: 00:02:03

Health: -10/82     AC:  6    Str: 19    XL:     9   Next: 5%
Magic:  9/9        EV: 16    Int: 11    God:    Okawaru [......]
Gold:   352        SH:  0    Dex: 18    Spells: 8/8 levels left

rFire   . . .        Y - +1 shortbow
rCold   . . .        (shield currently unavailable)
rNeg    . . .        c - +0 leather armour
rPois   +            f - +0 helmet
rElec   .            g - +0 cloak
rCorr   .            (no gloves)
SInv    +            (no barding)
Will    +....        (no amulet)
Stlth   ++           d - +5 ring of evasion
HPRegen 0.33/turn    k - +6 ring of strength
MPRegen 0.11/turn

%: no passive effects
@: short of breath, very slow
A: AC +3, large, see invisible, deformed body, poison resistance, slowness 2,
spit poison 1, naga tail 1
a: Spit Poison, Renounce Religion


You were on level 7 of the Dungeon.
You worshipped Okawaru.
Okawaru was noncommittal.
You visited 2 branches of the dungeon, and saw 8 of its levels.

You collected 352 gold pieces.


Innate Abilities, Weirdness & Mutations

Your serpentine skin is tough. (AC +3)
You have supernaturally acute eyesight. (SInv)
Armour fits poorly on your strangely shaped body.
Your system is resistant to poisons. (rPois)
You cover ground very slowly.
You can spit poison.
You have a snake-like lower body.


   Skills:
 - Level 6.2 Fighting
 + Level 9.0 Ranged Weapons
 - Level 1.1 Armour
 - Level 3.1 Dodging
 - Level 1.5 Stealth


You had 8 spell levels left.
You didn't know any spells.
Your spell library was empty.

Inventory:

Hand Weapons
 Y - a +1 shortbow (weapon)
Armour
 c - a +0 leather armour (worn)
 f - a +0 helmet (worn)
 g - a +0 cloak (worn)
Jewellery
 d - a +5 ring of evasion (left hand)
 k - a +6 ring of strength (right hand)
Scrolls
 b - a scroll of identify
Potions
 e - 3 potions of enlightenment
 h - 2 potions of might
 i - 5 potions of curing
 l - a potion of berserk rage {unknown}
 m - a potion of ambrosia {unknown}
 n - a potion of invisibility {unknown}
 o - a potion of degeneration {unknown}

Dungeon Overview and Level Annotations

Branches:
Dungeon (7/15)             Temple (1/1) D:5

Altars:
Ashenzari
Cheibriados
Dithmenos
Elyvilon
Gozag
Kikubaaqudgha
Makhleb
Nemelex Xobeh
Okawaru
Qazlal
Ru
Uskayaw
Wu Jian
Xom
Yredelemnul
Zin
The Shining One

Annotations:
D:7 Joseph


Message History

Joseph shoots a sling bullet.
The sling bullet hits you!
You shoot an arrow. The arrow closely misses Joseph.
You shoot an arrow.
The arrow hits Joseph but does no damage.
Joseph is moderately wounded.
5668 ||| INVOKING Spit Poison.
Aiming: Spit Poison (1% risk of failure)
Press: ? - help, Shift-Dir - straight line, f/p - Joseph The splash of poison hits Joseph.
Joseph is poisoned.
Joseph is heavily wounded.
Joseph shoots a sling bullet.
The sling bullet closely misses you.
You shoot an arrow. The arrow closely misses Joseph.
Joseph shoots a sling bullet.
The sling bullet barely misses you.
You shoot an arrow. The arrow hits Joseph.
Joseph is heavily wounded.
You shoot an arrow. The arrow closely misses Joseph.
Joseph shoots a sling bullet.
The sling bullet closely misses you.
You shoot an arrow. The arrow hits Joseph!
Joseph is severely wounded.
Joseph looks more healthy.
A wight comes into view.
It is wielding a +2 morningstar of freezing.
You shoot an arrow. The arrow hits Joseph.
Joseph is severely wounded.
Joseph shoots a sling bullet.
The sling bullet hits you!
You shoot an arrow. The arrow closely misses Joseph.
Joseph shoots a sling bullet.
The sling bullet hits you!
You shoot an arrow. The arrow barely misses Joseph.
You have got your breath back.
Joseph shoots a sling bullet.
The sling bullet misses you.
5676 ||| INVOKING Spit Poison.
Aiming: Spit Poison (1% risk of failure)
Press: ? - help, Shift-Dir - straight line, f/p - Joseph The splash of poison hits Joseph.
Joseph is poisoned.
Joseph is severely wounded.
Joseph shoots a sling bullet.
The sling bullet barely misses you.
You shoot an arrow. The arrow barely misses the wight.
You shoot an arrow. The arrow hits Joseph!
Joseph is almost dead.
Joseph shoots a sling bullet.
The sling bullet hits you!
You die...

######## #......#
#......# #......#
######.....!#
.......!....#
....@..@....#
.........z..#
.........<..#
........#......[#
....<##...#######
.#.?. ..### ###
####


You could see Joseph (poisoned) and a wight.

Vanquished Creatures
  Grinder (D:4)
  2 water moccasins (D:6)
  2 ogres
  A black bear (D:6)
  A phantom (D:6)
  5 scorpions
  4 wights (D:6)
  A howler monkey (D:4)
  A jelly (D:5)
  A hound (D:4)
  2 gnoll boudas (D:5)
  2 orc priests
  Terence (D:2)
  An iguana (D:6)
  Robin (D:2)
  8 gnolls (D:5)
  4 adders
  2 shadow imps (D:6)
  An ufetubus (D:5)
  2 worms (D:3)
  3 dart slugs
  11 orcs
  3 ball pythons
  7 endoplasms
  4 giant cockroaches
  16 goblins
  5 hobgoblins
  2 jackals (D:1)
  A quokka (D:3)
  6 bats
  3 frilled lizards
  3 kobolds
  9 rats
116 creatures vanquished.

Notes
Turn   | Place    | Note
-------+----------+-------------------------------------------
     0 | D:1      | qw the Naga Hunter began the quest for the Orb.
     0 | D:1      | Reached XP level 1. HP: 19/19 MP: 1/1
     0 | D:1      | 0 ||| qw: Version: 0.3-a-2-g5ab2908
     0 | D:1      | 0 ||| qw: Game counter: 239
     0 | D:1      | 0 ||| qw: Always use a shield: true
     0 | D:1      | 0 ||| qw: God list: Okawaru
     0 | D:1      | 0 ||| qw: Allow faded altars: false
     0 | D:1      | 0 ||| qw: Do Orc after D:15 true
     0 | D:1      | 0 ||| qw: Do second Lair branch before Depths: true
     0 | D:1      | 0 ||| qw: Lair rune preference: random
     0 | D:1      | 0 ||| qw: Plans: Normal
     0 | D:1      | 0 ||| PLANNING D:1-11
    68 | D:1      | 68 ||| INVOKING Spit Poison.
    74 | D:1      | 74 ||| INVOKING Spit Poison.
   125 | D:1      | Reached skill level 4 in Ranged Weapons
   125 | D:1      | Reached XP level 2. HP: 26/26 MP: 2/2
   131 | D:1      | 131 ||| INVOKING Spit Poison.
   135 | D:1      | 135 ||| INVOKING Spit Poison.
   139 | D:1      | 139 ||| INVOKING Spit Poison.
   142 | D:1      | 142 ||| INVOKING Spit Poison.
   151 | D:1      | 151 ||| INVOKING Spit Poison.
   156 | D:1      | 156 ||| INVOKING Spit Poison.
   160 | D:1      | 160 ||| INVOKING Spit Poison.
   252 | D:1      | 252 ||| INVOKING Spit Poison.
   387 | D:1      | 387 ||| INVOKING Spit Poison.
   411 | D:1      | 411 ||| INVOKING Spit Poison.
   415 | D:1      | 415 ||| INVOKING Spit Poison.
   416 | D:1      | Reached XP level 3. HP: 29/32 MP: 3/3
   441 | D:1      | 441 ||| INVOKING Spit Poison.
   467 | D:1      | 467 ||| INVOKING Spit Poison.
   495 | D:1      | 495 ||| INVOKING Spit Poison.
   508 | D:1      | 508 ||| INVOKING Spit Poison.
   672 | D:1      | Found a faded altar of an unknown god.
   681 | D:1      | 681 ||| UPGRADING to +0 cloak.
   686 | D:1      | 686 ||| READING scroll labelled VAUSHR KOKE.
   687 | D:1      | 687 ||| READING scroll labelled MAOTEO GYCWAW.
   688 | D:1      | 688 ||| READING scroll labelled YLEUD JUCIT.
   689 | D:1      | 689 ||| READING scroll labelled ECIETA SATUGH.
   690 | D:1      | 690 ||| DROPPING scroll of butterflies.
   739 | D:2      | 739 ||| INVOKING Spit Poison.
   772 | D:2      | 772 ||| INVOKING Spit Poison.
   790 | D:2      | Noticed Terence
   792 | D:2      | 792 ||| INVOKING Spit Poison.
   796 | D:2      | 796 ||| INVOKING Spit Poison.
   800 | D:2      | Killed Terence
   801 | D:2      | Reached skill level 5 in Ranged Weapons
   801 | D:2      | Reached XP level 4. HP: 30/39 MP: 4/4
   874 | D:2      | 874 ||| INVOKING Spit Poison.
   951 | D:2      | 951 ||| INVOKING Spit Poison.
   990 | D:2      | 990 ||| INVOKING Spit Poison.
   994 | D:2      | 994 ||| INVOKING Spit Poison.
   994 | D:2      | Noticed Robin
   997 | D:2      | 997 ||| INVOKING Spit Poison.
  1003 | D:2      | 1003 ||| INVOKING Spit Poison.
  1009 | D:2      | 1009 ||| INVOKING Spit Poison.
  1012 | D:2      | 1012 ||| INVOKING Spit Poison.
  1014 | D:2      | Killed Robin
  1285 | D:2      | 1285 ||| INVOKING Spit Poison.
  1286 | D:2      | 1286 ||| INVOKING Spit Poison.
  1294 | D:2      | 1294 ||| INVOKING Spit Poison.
  1348 | D:2      | 1348 ||| INVOKING Spit Poison.
  1491 | D:2      | 1491 ||| UPGRADING to +0 helmet.
  1496 | D:2      | 1496 ||| UPGRADING to +5 ring of evasion.
  1497 | D:2      | 1497 ||| READING scroll labelled WIFIUM ATUHE.
  1498 | D:2      | 1498 ||| READING 2 scrolls labelled DOLEJO BODDUU.
  1499 | D:2      | 1499 ||| READING scroll labelled HUIFAKHANU.
  1500 | D:2      | 1500 ||| READING scroll labelled HIKOOTYTET.
  1505 | D:2      | 1505 ||| DRINKING 2 fizzy yellow potions.
  1623 | D:3      | 1623 ||| INVOKING Spit Poison.
  1665 | D:3      | 1665 ||| INVOKING Spit Poison.
  1668 | D:3      | Reached skill level 3 in Fighting
  1690 | D:3      | 1690 ||| INVOKING Spit Poison.
  1736 | D:3      | 1736 ||| INVOKING Spit Poison.
  1834 | D:3      | 1834 ||| INVOKING Spit Poison.
  1838 | D:3      | 1838 ||| INVOKING Spit Poison.
  1851 | D:3      | 1851 ||| INVOKING Spit Poison.
  1854 | D:3      | Reached XP level 5. HP: 49/49 MP: 5/5
  1958 | D:3      | 1958 ||| INVOKING Spit Poison.
  1964 | D:3      | 1964 ||| INVOKING Spit Poison.
  1983 | D:3      | 1983 ||| INVOKING Spit Poison.
  2121 | D:3      | 2121 ||| DRINKING 4 clear potions.
  2146 | D:4      | 2146 ||| INVOKING Spit Poison.
  2149 | D:4      | Noticed Grinder
  2149 | D:4      | Paralysed by Grinder for 4 turns
  2156 | D:4      | Paralysed by Grinder for 5 turns
  2167 | D:4      | HP: 12/49 [Grinder/nerve-wracking pain (11)]
  2176 | D:4      | Paralysed by Grinder for 4 turns
  2178 | D:4      | HP: 8/49 [Grinder (8)]
  2178 | D:4      | HP: 2/49 [Grinder (6)]
  2181 | D:4      | Killed Grinder
  2182 | D:4      | Reached skill level 6 in Ranged Weapons
  2182 | D:4      | Reached XP level 6. HP: 3/56 MP: 6/6
  2383 | D:4      | 2383 ||| INVOKING Spit Poison.
  2389 | D:4      | 2389 ||| INVOKING Spit Poison.
  2394 | D:4      | 2394 ||| INVOKING Spit Poison.
  2400 | D:4      | 2400 ||| INVOKING Spit Poison.
  2454 | D:4      | 2454 ||| INVOKING Spit Poison.
  2461 | D:4      | 2461 ||| INVOKING Spit Poison.
  2466 | D:4      | Reached XP level 7. HP: 64/64 MP: 7/7
  2633 | D:4      | 2633 ||| INVOKING Spit Poison.
  2731 | D:4      | 2731 ||| INVOKING Spit Poison.
  2734 | D:4      | 2734 ||| INVOKING Spit Poison.
  2737 | D:4      | 2737 ||| INVOKING Spit Poison.
  2874 | D:4      | 2874 ||| INVOKING Spit Poison.
  2881 | D:4      | 2881 ||| INVOKING Spit Poison.
  2884 | D:4      | Reached skill level 7 in Ranged Weapons
  2885 | D:4      | 2885 ||| INVOKING Spit Poison.
  2889 | D:4      | 2889 ||| INVOKING Spit Poison.
  2893 | D:4      | 2893 ||| INVOKING Spit Poison.
  2984 | D:4      | Found a sparkling altar of Nemelex Xobeh.
  2984 | D:4      | Found a shadowy altar of Dithmenos.
  3026 | D:4      | 3026 ||| INVOKING Spit Poison.
  3033 | D:4      | 3033 ||| INVOKING Spit Poison.
  3204 | D:4      | 3204 ||| UPGRADING to +6 ring of strength.
  3205 | D:4      | 3205 ||| READING scroll labelled LUEBRU FEKHESOHIOLL.
  3206 | D:4      | 3206 ||| READING scroll labelled JUFIGIMEOT.
  3308 | D:4      | 3308 ||| DRINKING 3 blue potions.
  3309 | D:4      | 3309 ||| READING 2 scrolls of identify.
  3309 | D:4      | 3309 ||| IDENTIFYING golden potion
  3336 | D:5      | Entered Level 5 of the Dungeon
  3352 | D:5      | 3352 ||| INVOKING Spit Poison.
  3359 | D:5      | 3359 ||| INVOKING Spit Poison.
  3364 | D:5      | 3364 ||| Stepping ~*~*~tactically~*~*~ (outnumbered).
  3365 | D:5      | 3365 ||| Stepping ~*~*~tactically~*~*~ (outnumbered).
  3366 | D:5      | 3366 ||| INVOKING Spit Poison.
  3373 | D:5      | 3373 ||| INVOKING Spit Poison.
  3376 | D:5      | 3376 ||| INVOKING Spit Poison.
  3381 | D:5      | Reached skill level 1 in Armour
  3382 | D:5      | 3382 ||| INVOKING Spit Poison.
  3385 | D:5      | 3385 ||| INVOKING Spit Poison.
  3392 | D:5      | 3392 ||| INVOKING Spit Poison.
  3392 | D:5      | HP: 15/64 [orc/+0 club (3)]
  3393 | D:5      | 3393 ||| READING scroll of teleportation.
  3394 | D:5      | 3394 ||| DRINKING 2 potions of heal wounds.
  3511 | D:5      | 3511 ||| INVOKING Spit Poison.
  3513 | D:5      | 3513 ||| Stepping ~*~*~tactically~*~*~ (outnumbered).
  3515 | D:5      | 3515 ||| INVOKING Spit Poison.
  3519 | D:5      | 3519 ||| INVOKING Spit Poison.
  3525 | D:5      | 3525 ||| INVOKING Spit Poison.
  3532 | D:5      | 3532 ||| INVOKING Spit Poison.
  3539 | D:5      | 3539 ||| INVOKING Spit Poison.
  3546 | D:5      | 3546 ||| INVOKING Spit Poison.
  3550 | D:5      | 3550 ||| INVOKING Spit Poison.
  3557 | D:5      | 3557 ||| INVOKING Spit Poison.
  3560 | D:5      | 3560 ||| INVOKING Spit Poison.
  3564 | D:5      | 3564 ||| INVOKING Spit Poison.
  3567 | D:5      | 3567 ||| INVOKING Spit Poison.
  3730 | D:5      | Found a staircase to the Ecumenical Temple.
  3731 | D:5      | 3731 ||| PLANNING TEMPLE
  3740 | Temple   | Entered the Ecumenical Temple
  3763 | Temple   | 3763 ||| PLANNING OKAWARU WORSHIP
  4008 | Temple   | Became a worshipper of Warmaster Okawaru
  4009 | Temple   | 4009 ||| PLANNING D:1-11
  4093 | D:5      | 4093 ||| INVOKING Spit Poison.
  4097 | D:5      | Reached XP level 8. HP: 72/72 MP: 8/8
  4131 | D:5      | 4131 ||| INVOKING Spit Poison.
  4135 | D:5      | 4135 ||| INVOKING Spit Poison.
  4143 | D:5      | 4143 ||| INVOKING Spit Poison.
  4159 | D:5      | Found a hide-covered altar of Uskayaw.
  4273 | D:5      | Reached skill level 8 in Ranged Weapons
  4613 | D:6      | 4613 ||| INVOKING Spit Poison.
  4675 | D:6      | 4675 ||| INVOKING Spit Poison.
  4710 | D:6      | 4710 ||| INVOKING Spit Poison.
  4714 | D:6      | Reached * piety under Okawaru
  4733 | D:6      | 4733 ||| INVOKING Heroism.
  4734 | D:6      | 4734 ||| INVOKING Spit Poison.
  5153 | D:6      | 5153 ||| INVOKING Spit Poison.
  5161 | D:6      | 5161 ||| INVOKING Spit Poison.
  5162 | D:6      | Reached skill level 9 in Ranged Weapons
  5165 | D:6      | 5165 ||| INVOKING Spit Poison.
  5209 | D:6      | 5209 ||| READING scroll labelled POTUFE PAOSHRA.
  5210 | D:6      | 5210 ||| READING 2 scrolls of identify.
  5210 | D:6      | 5210 ||| IDENTIFYING brown potion
  5211 | D:6      | 5211 ||| DROPPING potion of lignification.
  5273 | D:7      | 5273 ||| STAIRDANCE
  5276 | D:6      | 5276 ||| INVOKING Heroism.
  5288 | D:6      | Reached skill level 6 in Fighting
  5448 | D:7      | 5448 ||| STAIRDANCE
  5451 | D:6      | 5451 ||| INVOKING Heroism.
  5455 | D:6      | HP: 18/74 [wight/+4 mace (8)]
  5456 | D:6      | 5456 ||| DRINKING potion of heal wounds.
  5458 | D:6      | Reached XP level 9. HP: 40/82 MP: 6/9
  5461 | D:6      | Reached skill level 3 in Dodging
  5659 | D:7      | Noticed Joseph
  5668 | D:7      | 5668 ||| INVOKING Spit Poison.
  5673 | D:7      | HP: 13/82 [Joseph/sling bullet (14)]
  5674 | D:7      | HP: 3/82 [Joseph/sling bullet (10)]
  5676 | D:7      | 5676 ||| INVOKING Spit Poison.
  5678 | D:7      | Shot with a sling bullet by Joseph

Levels and vault maps discovered:
D:1:      eino_arrival_cavern_c, layout_basic, ebering_ecumenical_altar_webs,
          minmay_pentomino_p4
D:2:      layout_loops_ring, nicolae_figureground_pulse, uniq_robin,
          uniq_terence
D:3:      layout_loops_cross
D:4:      layout_basic, jmf_multi_god_temple, uniq_grinder
D:5:      layout_cave_pools, mainiacjoe_overflow_tiny_flanked,
          minmay_temple_entry_waves, serial_column_ruins,
          column_ruins_columns_straight, column_ruins_grid_3,
          column_ruins_open_tiny, column_ruins_grid_1, column_ruins_grid_1
D:6:      layout_loops_ring
D:7:      erik_cavepeople, layout_basic,
          chequers_temple_overflow_statue_of_worship,
          mainiacjoe_overflow_catwalk, minmay_misc_feat_doors, uniq_joseph,
          uniq_maggie
Temple:   minmay_temple_curvy_branch

Skill      XL: |  1  2  3  4  5  6  7  8  9 |
---------------+----------------------------+-----
Ranged Weapons | 4 5 6 7 9 |  9.0
Fighting       | 3 4 6 |  6.2
Dodging        | 2 3 |  3.1
Armour         | 1 |  1.1
Stealth        | |  1.5

Action                     |  1- 3 |  4- 6 |  7- 9 || total
---------------------------+-------+-------+-------++-------
   Fire: Shortbow          |    51 |   106 |   222 ||   379
 Invoke: Heroism           |       |       |     3 ||     3
Ability: Spit Poison       |    21 |    28 |    44 ||    93
    Use: Scroll            |     4 |     4 |     6 ||    14
         Potion            |       |     2 |     3 ||     5
 Armour: Leather armour    |     4 |    19 |    24 ||    47
  Dodge: Dodged            |    10 |    37 |   140 ||   187

Table legend:
 A = Non-vault XP
 B = Vault XP
 C = Vault XP percentage of total XP
 D = Non-vault monster count
 E = Vault monster count
 F = Vault count percentage of total count
                 A         B        C        D         E       F
            +---------+---------+-------+---------+---------+-------
      Total |    2016 |     473 |  19.0 |      96 |      20 |  17.2
            +---------+---------+-------+---------+---------+-------
        D:1 |      38 |       6 |  13.6 |      20 |       4 |  16.7
        D:2 |      24 |      71 |  74.7 |      16 |      13 |  44.8
        D:3 |      34 |       0 |   0.0 |      10 |       0 |   0.0
        D:4 |     269 |     396 |  59.5 |      14 |       3 |  17.6
        D:5 |     407 |       0 |   0.0 |      21 |       0 |   0.0
        D:6 |    1244 |       0 |   0.0 |      15 |       0 |   0.0
            +---------+---------+-------+---------+---------+-------
